 Dungeon Crawl Stone Soup version 0.25-a0-55-g0753fd1ad2 (webtiles) character file.

Game seed: 9493540312473589047, levelgen mode: deterministic

257 Granthy the Slasher (level 5, -1/40 HPs)
             Began as a Demonspawn Gladiator on Oct 25, 2019.
             Killed from afar by an orc wizard (2 damage)
             ... with a puff of frost
             ... on level 4 of the Dungeon.
             The game lasted 00:11:03 (3195 turns).

Granthy the Slasher (Demonspawn Gladiator)          Turns: 3195, Time: 00:11:04

Health: -1/40      AC:  6    Str: 16    XL:     5   Next: 93%
Magic:  5/5        EV: 12    Int:  9    God:
Gold:   170        SH:  0    Dex: 14    Spells: 4/4 levels left

rFire    . . .     SeeInvis .   a - +0 long sword
rCold    . . .     Gourm    .   (no shield)
rNeg     . . .     Faith    .   e - +0 ring mail
rPois    .         Spirit   .   c - +0 helmet
rElec    .         Reflect  .   (no cloak)
rCorr    .         Harm     .   (no gloves)
MR       .....                  (no boots)
Stlth    +.........             (no amulet)
HPRegen  0.13/turn              (no ring)
MPRegen  0.09/turn              (no ring)

@: lightly drained
A: talons 2, powered by death 1
a: no special abilities


You were on level 4 of the Dungeon.
You were not hungry.

You visited 1 branch of the dungeon, and saw 4 of its levels.

You collected 170 gold pieces.

Inventory:

Hand Weapons
 a - a +0 long sword (weapon)
 v - a +0 falchion
Missiles
 d - 3 throwing nets (quivered)
 q - 5 boomerangs
Armour
 b - a +0 leather armour
 c - a +0 helmet (worn)
 e - a +0 ring mail (worn)
 m - a +2 robe of fire resistance
Jewellery
 n - an uncursed amulet of harm
Wands
 o - a wand of enslavement (10)
 p - a wand of paralysis (8)
Scrolls
 g - 2 scrolls of identify {unknown}
 i - a scroll of remove curse
 k - a scroll of teleportation {unknown}
 l - 2 scrolls of fog {unknown}
 s - a scroll of blinking {unknown}
 t - a scroll of enchant armour {unknown}
 w - a scroll of amnesia {unknown}
 y - a scroll of fear {unknown}
Potions
 h - a potion of mutation {unknown}
 j - a potion of agility {unknown}
 r - a potion of might {unknown}
 u - a potion of brilliance {unknown}
 x - a potion of haste {unknown}
 z - a potion of flight {unknown}
 A - a potion of curing {unknown}
Comestibles
 f - 3 rations
 B - a chunk of flesh


   Skills:
 + Level 2.9(2.6) Fighting
 + Level 4.4(4.1) Long Blades
 - Level 1.9(1.6) Throwing
 + Level 2.1(1.8) Armour
 + Level 3.6(3.3) Dodging


You had 4 spell levels left.
You didn't know any spells.
Your spell library was empty.

Dungeon Overview and Level Annotations

Branches:
Dungeon (4/15)
 Temple: D:4-7

Altars:
Okawaru


Innate Abilities, Weirdness & Mutations

You have razor-sharp toenails.
You regenerate a little health from kills.


Message History

You hit the orc wizard.
You kill the orc wizard!
Something hits you but does no damage. x2
You hear some strange, mumbled words.
A puff of frost appears from out of thin air!
The puff of frost hits you.
* * * LOW HITPOINT WARNING * * *
You feel yourself speed up. Something hits you but does no damage.
Things that are here:
a +0 dagger; a +0 robe; an orc corpse You hear some strange, mumbled words.
A puff of flame appears from out of thin air!
The puff of flame hits you!
* * * LOW HITPOINT WARNING * * *
Something hits you but does no damage.
You hear some strange, mumbled words.
A puff of frost appears from out of thin air!
The puff of frost hits you.
You die...

.# ....# .######...#
.....##...# ####.##...#
..........# #######...###
............#
#########.#.#################.#
..........#.....@.o.o.).......#
###############################
#


You could see 2 orcs.

Vanquished Creatures
  An orc priest (D:3)
  2 orc wizards
  4 gnolls
  4 adders
  2 oozes
  A dart slug (D:1)
  6 leopard geckos
  6 orcs (D:3)
  2 giant cockroaches
  8 goblins
  11 hobgoblins
  3 ball pythons (D:1)
  A ball python skeleton (D:4)
  7 bats
  5 frilled lizards
  10 kobolds
  7 rats
80 creatures vanquished.

Notes
Turn   | Place    | Note
-------+----------+-------------------------------------------
     0 | D:1      | Granthy the Demonspawn Gladiator began the quest for the
                  | Orb.
     0 | D:1      | Reached XP level 1. HP: 16/16 MP: 1/1
    90 | D:1      | Reached skill level 3 in Long Blades
    90 | D:1      | Gained mutation: You have sharp toenails. [demonic
                  | ancestry]
    90 | D:1      | Reached XP level 2. HP: 21/22 MP: 2/2
   347 | D:1      | Gained mutation: You regenerate a little health from kills.
                  | [demonic ancestry]
   347 | D:1      | Reached XP level 3. HP: 27/27 MP: 3/3
  2493 | D:2      | Found an iron altar of Okawaru.
  2589 | D:2      | Gained mutation: You have razor-sharp toenails. [demonic
                  | ancestry]
  2589 | D:2      | Reached XP level 4. HP: 34/34 MP: 4/4
  2625 | D:3      | Reached skill level 1 in Armour
  2639 | D:2      | Reached skill level 4 in Long Blades
  2654 | D:2      | Reached XP level 5. HP: 28/39 MP: 5/5
  3191 | D:4      | HP: 1/40 [something/puff of flame (7)]
  3195 | D:4      | Killed from afar by an orc wizard

Levels and vault maps discovered:
D:1:      noname_arrival_rooms_in_the_neighbourhood, layout_loops_ring
D:2:      layout_loops_ring, okawaru_ov_weapons_minmay
D:3:      layout_rooms
D:4:      layout_basic, first_ration, nzn_random_ring

Table legend:
 A = Non-vault XP
 B = Vault XP
 C = Vault XP percentage of total XP
 D = Non-vault monster count
 E = Vault monster count
 F = Vault count percentage of total count
                 A         B        C        D         E       F
            +---------+---------+-------+---------+---------+-------
      Total |     368 |       0 |   0.0 |      80 |       0 |   0.0
            +---------+---------+-------+---------+---------+-------
        D:1 |      55 |       0 |   0.0 |      31 |       0 |   0.0
        D:2 |     132 |       0 |   0.0 |      24 |       0 |   0.0
        D:3 |     133 |       0 |   0.0 |      21 |       0 |   0.0
        D:4 |      48 |       0 |   0.0 |       4 |       0 |   0.0
            +---------+---------+-------+---------+---------+-------
